AoeStats
← Apeiron

Arabia

510584810Analyzed
2v2 RM · 13h ago on Oct 1, 2026· 52m 28s· 4 players
Game mode
Random Map
Map size
Medium (4 player)
Population
200
Speed
Normal
Resources
Standard
Victory
Conquest
Starting age
Dark Age
Ending age
Imperial Age
RankedLock teamsTeams togetherTeam positionsShared explorationLock speedFull tech treeHidden civsTurbo modeCheats
Victory
Defeat
🇹🇷 Britons · Türkiye
951
+18
950
+18
🇳🇱 Jurchens · Netherlands
996
-19
🇳🇱 Celts · Netherlands
973
-17
Apeiron
7:17 Loom
10:02 Feudal Age
13:23 Fletching
14:17 Double-Bit Axe
22:34 Castle Age
20:35 Horse Collar
24:44 Bow Saw
25:12 Crossbowman
25:53 Bodkin Arrow
26:42 Heavy Plow
27:30 Padded Archer Armor
31:13 Leather Archer Armor
37:50 Imperial Age
37:59 Gold Mining
38:34 Arbalester
40:47 Two-Man Saw
40:26 Wheelbarrow
39:53 Bracer
40:23 Ring Archer Armor
word.exe ömer EasySkins com
11:30 Feudal Age
12:14 Feudal Age
14:05 Double-Bit Axe
19:31 Castle Age
18:48 Horse Collar
20:25 Loom
21:15 Bow Saw
21:08 Heavy Plow
21:13 Husbandry
26:18 Forging
35:32 Scale Barding Armor
36:02 Iron Casting
37:11 Wheelbarrow
39:57 Chain Barding Armor
42:20 Imperial Age
43:38 Cavalier
45:55 Plate Barding Armor
47:00 Crop Rotation
47:32 Two-Man Saw
46:53 Hand Cart
nlhoekstra95
6:37 Loom
9:28 Feudal Age
10:09 Man-at-Arms
11:24 Double-Bit Axe
14:01 Horse Collar
21:05 Castle Age
21:09 Scale Mail Armor
21:13 Arson
21:40 Fletching
22:50 Bow Saw
22:06 Long Swordsman
22:32 Gambesons
23:52 Town Watch
23:40 Elite Skirmisher
32:20 Wheelbarrow
32:59 Chain Mail Armor
38:29 Imperial Age
38:46 Two-Handed Swordsman
40:15 Heavy Plow
42:20 Plate Mail Armor
42:01 Forging
41:46 Bodkin Arrow
41:52 Padded Archer Armor
42:17 Ballistics
43:43 Murder Holes
43:59 Stronghold
46:27 Leather Archer Armor
46:22 Champion
51:38 Hand Cart
elizardo1995
6:09 Loom
6:13 Loom
9:06 Feudal Age
9:47 Double-Bit Axe
9:44 Horse Collar
19:06 Bloodlines
20:16 Scale Barding Armor
20:24 Forging
22:01 Fletching
25:11 Castle Age
24:09 Gold Mining
25:56 Pikeman
32:20 Elite Skirmisher
33:06 Bodkin Arrow
37:17 Squires
39:13 Padded Archer Armor
Connection lost

Rejoining the realm…

Still unreachable

The connection could not be restored.

Session expired

The server has moved on; the page needs a fresh start.